 Dungeon Crawl Stone Soup version 0.26.1-11-gd32895ea62 (webtiles) character file.

Game seed: 5837407388167885587

57 Gwenloh the Cutter (level 4, 0/29 HPs)
             Began as a Halfling Warper on May 1, 2021.
             Slain by an adder (2 damage)
             ... on level 1 of the Dungeon.
             The game lasted 00:06:59 (1948 turns).

Gwenloh the Cutter (Halfling Warper)                Turns: 1948, Time: 00:06:59

Health: 0/29       AC:  3    Str: 12    XL:     4   Next: 18%
Magic:  2/6        EV: 14    Int: 11    God:
Gold:   102        SH:  5    Dex: 14    Spells: 4/6 levels left

rFire    . . .     SeeInvis .   b - +0 hunting sling
rCold    . . .     Faith    .   f - +0 buckler
rNeg     . . .     Spirit   .   k - +0 leather armour
rPois    .         Reflect  .   (no helmet)
rElec    .         Harm     .   (no cloak)
rCorr    .         Rampage  .   (no gloves)
Will     .....                  (no boots)
Stlth    +.........             n - amulet of the acrobat
HPRegen  0.09/turn              (no ring)
MPRegen  0.10/turn              (no ring)

@: slowed, very slow
A: small, mutation resistance 1
a: no special abilities


You were on level 1 of the Dungeon.
You visited 1 branch of the dungeon, and saw 2 of its levels.

You collected 102 gold pieces.

Inventory:

Hand Weapons
 a - a +2 dagger of freezing
 b - a +0 hunting sling (weapon)
Missiles
 c - 66 stones (quivered ammo)
 e - 3 boomerangs of dispersal (quivered)
 j - 7 curare-tipped darts
 t - 20 poisoned darts
Armour
 f - a +0 buckler (worn)
 k - a +0 leather armour (worn)
Jewellery
 n - an amulet of the acrobat (around neck)
 o - an uncursed amulet of reflection {unknown}
Scrolls
 g - 3 scrolls of identify {unknown}
 i - a scroll of enchant armour {unknown}
 l - a scroll of remove curse {unknown}
 m - a scroll of magic mapping {unknown}
 p - a scroll of amnesia {unknown}
 s - 4 scrolls of teleportation {unknown}
Potions
 h - a potion of might {unknown}
 q - a potion of flight {unknown}
 r - a potion of lignification {unknown}


   Skills:
 - Level 1.7 Fighting
 - Level 4.1 Short Blades
 * Level 1.4(1.8) Slings
 - Level 1.0(1.1) Throwing
 - Level 1.1 Armour
 - Level 2.1 Dodging
 + Level 1.9 Shields
 - Level 1.5 Spellcasting
 - Level 3.2 Translocations


You had 4 spell levels left.
You knew the following spells:

 Your Spells              Type           Power        Failure   Level
a - Blink                 Tloc           N/A          22%         2

Your spell library contained the following spells:

 Spells                   Type           Power        Failure   Level
 Gell's Gravitas          Tloc           4%           38%         3
 Lesser Beckoning         Tloc           4%           38%         3
 Teleport Other           Tloc           8%           38%         3
 Passage of Golubria      Tloc           N/A          80%         4


Dungeon Overview and Level Annotations

Branches:
Dungeon (2/15)

Altars:

Annotations:
D:1 Natasha


Innate Abilities, Weirdness & Mutations

You are small and have problems with some larger weapons.
You are somewhat resistant to further mutation.


Message History

The adder misses you.
Okay, then.
Throw: 5 boomerangs (disperse)
Press: ? - help, Q - select action, (/) - cycle Shift-Dir - straight line, f - adder
Aim: an adder (38% to hit)
You throw a boomerang of dispersal.
The boomerang of dispersal closely misses the adder.
You block the adder's attack. The adder bites you but does no damage.
Natasha wildly gestures.
Natasha's front paws start to glow.
Throw: 4 boomerangs (disperse)
Press: ? - help, Q - select action, (/) - cycle Shift-Dir - straight line, f/p - adder
Aim: an adder (38% to hit)
You throw a boomerang of dispersal.
The boomerang of dispersal barely misses the adder.
The adder bites you but does no damage. The adder bites you.
* * * LOW HITPOINT WARNING * * *
Natasha mewls in sadness.
The adder bites you.
You die...

.....)###.##.#
#.#
###.#..#..##.#
#.#
###.##...###ยง#
#.#
.............#
#.#
#..)#######h.#
#.# .###.## #.S#
#.# ## ##.##
#..# #.# #
##.####..#####.#
#........hS@..#
#
##.###.#########
## ##.## #.#
.###..# #.#
#.....# #.#
####..# #># #..#
#.# ####..# #.#
......# #.#


You could see Natasha and an adder.

Vanquished Creatures
  2 adders (D:2)
  A worm (D:2)
  A leopard gecko (D:1)
  3 giant cockroaches (D:1)
  12 goblins
  5 hobgoblins
  5 bats
  3 rats (D:2)
32 creatures vanquished.

Notes
Turn   | Place    | Note
-------+----------+-------------------------------------------
     0 | D:1      | Gwenloh the Halfling Warper began the quest for the Orb.
     0 | D:1      | Reached XP level 1. HP: 14/14 MP: 3/3
   347 | D:1      | Reached skill level 3 in Short Blades
   347 | D:1      | Reached XP level 2. HP: 19/19 MP: 4/4
   434 | D:1      | Reached skill level 1 in Shields
   932 | D:1      | Learned a level 2 spell: Blink
  1229 | D:2      | Reached XP level 3. HP: 20/24 MP: 5/5
  1462 | D:2      | Reached skill level 4 in Short Blades
  1662 | D:2      | Reached skill level 1 in Slings
  1662 | D:2      | Reached XP level 4. HP: 24/29 MP: 3/6
  1912 | D:2      | Noticed Natasha
  1948 | D:1      | Slain by an adder

Illustrated notes

Levels and vault maps discovered:
D:1:      minmay_arrival_open_corners, layout_loops_ring,
          hangedman_decor_slide_cut
D:2:      cheibrodos_greedy_goblins, layout_basic, okawaru_trees_1, uniq_natasha

Skill      XL: |  1  2  3 |
---------------+----------+-----
Short Blades   | 3 4 |  4.1
Shields        | 1 |  1.9
Slings         | 1 |  1.4
Fighting       | |  1.7
Throwing       | |  1.0
Armour         | |  1.1
Dodging        | |  2.1
Spellcasting   | |  1.5
Translocations | |  3.2

Action                   |  1- 3 |  4- 6 || total
-------------------------+-------+-------++-------
Melee: Short sword       |    92 |       ||    92
       Dagger            |     3 |       ||     3
 Fire: Hunting sling     |     4 |    32 ||    36
Throw: Dart              |    23 |       ||    23
       Stone             |     5 |       ||     5
       Boomerang         |       |     2 ||     2
 Cast: Blink             |     2 |     3 ||     5
  Use: Scroll            |       |     1 ||     1
Armor: Leather armour    |     6 |     7 ||    13
Dodge: Dodged            |    48 |    23 ||    71
Block: Buckler           |    20 |     5 ||    25
